Map: World of Sleepers LE

Players

pHARM

  • Race: Zerg Zerg
  • League: Platinum
  • Spawn Location: 1:00

Nerdsie - Winner!

  • Race: Zerg Zerg
  • League: Platinum
  • Spawn Location: 7:00

VOD

Have the link to the VOD?

Description

Time

  • Played on: Aug. 24, 2019, 9:47 p.m.
  • Length: 13:32
Show
View Real Time Build Order
Export as new Build Order

pHARM Zerg 

Build Orders: Hatch First 

Get SALT Encoding   

  12  0:01  Drone  
  13  0:15  Overlord  
  13  0:31  Drone  
  13  0:34  Drone x2  
  16  0:43  Drone  
  17  0:58  Hatchery  
  17  1:02  Drone  
  17  1:09  Drone  
  18  1:14  Drone  
  19  1:24  Spawning Pool  
  18  1:26  Drone  
  19  1:38  Drone  
  20  1:46  Extractor  
  19  1:47  Drone  
  20  2:00  Overlord  
  20  2:11  Queen x2  
  20  2:13  Drone  
  20  2:14  Drone  
  26  2:20  Drone  
  26  2:21  Drone  
  28  2:32  Drone x2  
  30  2:42  Drone x2  
  34  2:52  Lair  
  34  2:53  Queen  
  34  2:55  Drone x2  
  36  3:16  Overlord x2  
  36  3:20  Overlord  
  36  3:33  Overlord  
  36  3:40  Evolution Chamber  
  35  3:48  Evolution Chamber  
  35  3:49  Drone  
  35  3:50  Drone x6  
  41  3:57  Spine Crawler  
  40  4:03  Roach Warren  
  39  4:10  Zerg Missile Weapons Level 1  
  39  4:12  Extractor  
  39  4:14  Extractor  
  39  4:15  Drone x4  
  41  4:24  Drone x4  
  45  4:46  Glial Reconstitution  
  45  4:52  Drone x2  
  47  4:59  Roach x6  
  59  5:01  Overlord x2  
  59  5:14  Overlord x2  
  59  5:23  Roach x4  
  67  5:39  Roach x3  
  67  5:40  Roach x4  
  81  5:51  Hatchery  
  81  5:54  Roach x2  
  84  5:57  Overlord x2  
  84  6:15  Overlord x2  
  84  6:17  Drone  
  85  6:24  Extractor  
  84  6:26  Hydralisk Den  
  63  6:40  Drone x8  
  63  6:41  Drone x2  
  65  6:50  Roach x3  
  71  7:05  Roach x7  
  71  7:08  Grooved Spines  
  85  7:10  Zerg Missile Weapons Level 2  
  85  7:11  Zerg Ground Armor Level 1  
  85  7:32  Drone x6  
  91  7:48  Drone  
  91  7:49  Drone x7  
  99  7:58  Hatchery  
  99  7:59  Drone  
  99  8:00  Infestation Pit, Drone x2  
  99  8:04  Hydralisk x7  
  114  8:11  Extractor x2  
  112  8:26  Drone x2, Hatchery  
  112  8:27  Drone x2  
  115  8:44  Hive  
  115  8:46  Overlord x2  
  115  8:47  Roach x3  
  121  9:09  Roach  
  127  9:10  Roach x10  
  143  9:34  Overlord x3  
  143  9:42  Zerg Ground Armor Level 2  
  143  9:49  Roach  
  143  9:50  Roach x2  
  143  9:51  Overlord x5  
  149  10:03  Zerg Missile Weapons Level 3  
  149  10:30  Hydralisk x19  
  149  10:31  Hydralisk x5  
  149  10:35  Overseer x4  
  197  10:54  Ultralisk Cavern  
  196  11:41  Chitinous Plating  
  136  12:14  Roach x8  
  136  12:15  Roach x26  
  170  12:28  Roach x5  
  156  12:30  Overlord  
  148  12:39  Roach x4  
  146  12:48  Roach x2  
  146  12:49  Roach x2  
  139  12:57  Roach x2  
  111  13:00  Roach x2  
  87  13:10  Roach  
  87  13:11  Roach x5  
  97  13:19  Hatchery  
Show
View Real Time Build Order
Export as new Build Order

Nerdsie Zerg - Winner!

Build Orders: Hatch First 

Get SALT Encoding   

  12  0:01  Drone  
  13  0:12  Overlord  
  13  0:16  Drone  
  14  0:31  Drone x2  
  14  0:35  Drone  
  17  0:53  Hatchery  
  16  0:57  Drone  
  17  1:10  Spawning Pool  
  16  1:13  Drone  
  16  1:15  Drone  
  18  1:19  Drone  
  19  1:28  Drone  
  20  1:36  Extractor  
  19  1:40  Overlord  
  19  2:02  Queen  
  19  2:05  Queen  
  24  2:15  Drone  
  24  2:16  Drone x2  
  24  2:17  Drone x2  
  28  2:30  Drone x2  
  30  2:40  Queen  
  30  2:42  Lair  
  32  3:03  Drone x3  
  32  3:04  Drone  
  32  3:05  Overlord  
  36  3:07  Overlord  
  36  3:27  Drone x2  
  36  3:28  Drone x5  
  36  3:31  Extractor  
  36  3:33  Extractor  
  41  3:35  Drone  
  42  3:47  Evolution Chamber  
  41  3:52  Roach Warren  
  40  3:57  Evolution Chamber  
  40  4:00  Drone x3  
  42  4:03  Spine Crawler  
  41  4:11  Drone x4  
  41  4:13  Drone  
  41  4:14  Drone  
  41  4:15  Drone  
  48  4:18  Zerg Missile Weapons Level 1  
  48  4:37  Hatchery  
  47  4:45  Roach x2  
  51  4:47  Overlord  
  51  4:48  Overlord x2  
  51  5:00  Drone, Hatchery  
  51  5:16  Roach x4  
  51  5:17  Roach x4  
  51  5:18  Glial Reconstitution  
  67  5:24  Pneumatized Carapace  
  67  5:29  Queen  
  69  5:58  Zerg Ground Armor Level 1  
  69  5:59  Roach  
  69  6:00  Roach x5  
  69  6:01  Overlord x4  
  69  6:03  Overlord  
  81  6:22  Roach x2  
  81  6:23  Roach x10  
  101  6:34  Roach x5  
  93  6:50  Drone x12  
  105  6:57  Drone x3  
  108  7:03  Extractor  
  108  7:06  Extractor x2  
  105  7:14  Zerg Missile Weapons Level 2  
  105  7:19  Drone  
  105  7:20  Drone  
  105  7:21  Infestation Pit, Drone x2  
  108  7:24  Drone x3  
  108  7:25  Drone x3  
  108  7:29  Drone x4  
  118  7:36  Overlord  
  118  7:37  Overlord  
  118  7:38  Overlord  
  118  7:39  Drone  
  118  7:42  Overlord  
  118  7:43  Overlord x2  
  119  7:44  Overlord  
  119  7:57  Zerg Ground Armor Level 2  
  119  7:59  Hive  
  119  8:10  Drone x2  
  121  8:16  Extractor  
  121  8:19  Hatchery x2  
  118  8:20  Extractor  
  118  8:22  Unknown  
  116  8:27  Hydralisk Den  
  116  8:29  Spire  
  114  8:45  Roach x14  
  114  8:46  Roach  
  144  9:02  Grooved Spines  
  144  9:08  Drone  
  145  9:16  Hydralisk x9  
  147  9:23  Drone x5  
  168  9:35  Spire  
  168  9:41  Drone  
  168  9:42  Ultralisk Cavern  
  168  9:51  Drone x6  
  174  10:02  Overlord x6  
  174  10:14  Muscular Augments  
  174  10:16  Roach  
  174  10:17  Roach x4  
  174  10:18  Hydralisk x2  
  174  10:20  Overlord x4  
  188  10:37  Overseer  
  188  10:40  Overseer  
  188  10:46  Ultralisk  
  188  10:47  Ultralisk  
  200  10:50  Zerg Ground Armor Level 3, Zerg Missile Weapons Level 3  
  200  11:04  Chitinous Plating, Greater Spire  
  194  11:55  Ultralisk  
  194  11:56  Ultralisk  
  194  11:58  Ultralisk  
  188  12:10  Roach x9  
  200  12:23  Anabolic Synthesis  
  192  12:34  Roach  
  192  12:35  Roach x3  
  198  12:49  Roach x6  
  174  13:03  Roach x11  
  174  13:04  Roach x5  
Tags
 
Add a new tag
Caveats
  • Supply blocks, unpowered buildings, or Contaminate may cause inaccurate times.
  • Supply counts are checked every 10 seconds.